[Event "DSAM Bad Wildungen 2024"]
[Site "Bad Wildungen"]
[Date "2024.08.03"]
[Round "5.3"]
[White "Kracht, Raphael"]
[Black "Kocak, Ediz"]
[Result "0-1"]
[Annotator "ChessBase"]
[ECO "B22"]
[WhiteElo "2199"]
[BlackElo "2166"]
[PlyCount "80"]
[EventDate "2024.07.31"]
[EventCountry "GER"]
[SourceTitle "playchess.com"]
[Source "ChessBase"]
[SourceQuality "1"]
[TimeControl "40/5400+30:900+30"]

1. e4 c5 2. c3 Nf6 3. e5 Nd5 4. Bc4 Nb6 5. Bb3 d6 6. exd6 c4 7. Bc2 Qxd6 8. Nf3 Qe6+ 9. Kf1 Nc6 10. d4 cxd3 11. Qxd3 Bd7 12. Bf4 f6 13. a4 Rc8 14. Nbd2 Nd5 15. Bg3 Ndb4 16. Qe4 Nxc2 17. Qxc2 Nb4 18. Qe4 Qxe4 19. Nxe4 Nd3 20. Ke2 Nxb2 21. Rhb1 Nc4 22. Ned2 Nxd2 23. Kxd2 Bc6 24. Nd4 Bxg2 25. f4 Kf7 26. a5 a6 27. Rb6 g6 28. Re1 Bh6 29. Kd3 Bd5 30. f5 Rhd8 31. Kc2 gxf5 32. Nxf5 Bf8 33. Kb2 e6 34. Nd6+ Bxd6 35. Bxd6 Bc6 36. Rd1 Rd7 37. c4 Rg8 38. Rd2 Rg5 39. c5 Rxc5 40. Rb4 Rb5 0-1

[Event "DSAM Bad Wildungen 2024"]
[Site "Bad Wildungen"]
[Date "2024.08.03"]
[Round "5.4"]
[White "Dathe, Frederick"]
[Black "Rolle, Eric"]
[Result "1-0"]
[Annotator "ChessBase"]
[ECO "A25"]
[WhiteElo "2247"]
[BlackElo "2167"]
[PlyCount "77"]
[EventDate "2024.07.31"]
[EventCountry "GER"]
[SourceTitle "playchess.com"]
[Source "ChessBase"]
[SourceQuality "1"]
[TimeControl "40/5400+30:900+30"]

1. c4 e5 2. g3 Nc6 3. Bg2 Nf6 4. Nc3 Bb4 5. e4 Bxc3 6. bxc3 Qe7 7. d3 d6 8. Rb1 O-O 9. Nf3 Nd7 10. Nh4 Nc5 11. O-O g6 12. Bh6 Re8 13. Qd2 Ne6 14. Be3 Na5 15. f4 exf4 16. Bxf4 Nxf4 17. Rxf4 Be6 18. Rf2 Kg7 19. Rbf1 a6 20. Nf5+ Bxf5 21. exf5 Qe3 22. Qd1 Re5 23. Kh1 Rae8 24. Be4 Nxc4 25. fxg6 fxg6 26. Rf7+ Kg8 27. Qg4 Rxe4 28. dxe4 Nd2 29. Rf8+ Rxf8 30. Qe6+ Kg7 31. Qe7+ Kh6 32. Qh4+ Kg7 33. Qe7+ Kh6 34. Qxf8+ Kh5 35. Rf4 Qe1+ 36. Kg2 Qe2+ 37. Kh3 Nxe4 38. Rh4+ Kg5 39. Qf4# 1-0

[Event "DSAM Bad Wildungen 2024"]
[Site "Bad Wildungen"]
[Date "2024.08.03"]
[Round "5.5"]
[White "Kocharin, Timur"]
[Black "Diller, Daniel"]
[Result "1/2-1/2"]
[Annotator "ChessBase"]
[ECO "D35"]
[WhiteElo "2297"]
[BlackElo "2140"]
[PlyCount "107"]
[EventDate "2024.07.31"]
[EventCountry "GER"]
[SourceTitle "playchess.com"]
[Source "ChessBase"]
[SourceQuality "1"]
[TimeControl "40/5400+30:900+30"]

1. d4 Nf6 2. c4 e6 3. Nc3 d5 4. Bg5 Be7 5. cxd5 exd5 6. e3 h6 7. Bh4 O-O 8. Bd3 Re8 9. Qc2 c5 10. dxc5 d4 11. exd4 Qxd4 12. Nf3 Qxc5 13. O-O Bg4 14. Nb5 Qxc2 15. Bxc2 Na6 16. Rfe1 Rac8 17. Bb3 Bxf3 18. gxf3 Nc5 19. Nxa7 Ra8 20. Nb5 Nxb3 21. axb3 Rxa1 22. Rxa1 Nd5 23. Bg3 Bf6 24. Rd1 Nb4 25. Rd2 Re1+ 26. Kg2 Nc6 27. Nd6 b6 28. Ne4 Be7 29. Bd6 f5 30. Nc3 Bf6 31. Bc7 Nd4 32. Bxb6 Rg1+ 33. Kxg1 Nxf3+ 34. Kg2 Nxd2 35. b4 Nc4 36. Bc7 Nxb2 37. Nd5 Nc4 38. b5 Kf7 39. Ne3 Nxe3+ 40. fxe3 Ke6 41. Kf3 Kd5 42. b6 Kc6 43. Kf4 g6 44. e4 fxe4 45. Kxe4 Bc3 46. h3 Bf6 47. Be5 Bd8 48. Bd4 h5 49. Ke5 g5 50. Kf5 g4 51. hxg4 hxg4 52. Kf4 Bxb6 53. Bxb6 Kxb6 54. Kxg4 1/2-1/2

[Event "DSAM Bad Wildungen 2024"]
[Site "Bad Wildungen"]
[Date "2024.08.03"]
[Round "5.6"]
[White "Sydykov, Bayastan"]
[Black "Zimmermann, Klemens"]
[Result "1-0"]
[Annotator "ChessBase"]
[ECO "B51"]
[WhiteElo "2246"]
[BlackElo "2198"]
[PlyCount "71"]
[EventDate "2024.07.31"]
[EventCountry "GER"]
[SourceTitle "playchess.com"]
[Source "ChessBase"]
[SourceQuality "1"]
[TimeControl "40/5400+30:900+30"]

1. e4 c5 2. Nf3 d6 3. Bb5+ Nc6 4. O-O Bd7 5. Re1 g6 6. c3 Bg7 7. d4 Qb6 8. Bxc6 Qxc6 9. d5 Qc7 10. Bf4 f6 11. c4 h5 12. Nc3 h4 13. Qc2 Qc8 14. Rf1 Bh3 15. Ne1 Qg4 16. Bd2 Bxg2 17. f3 Bxf3+ 18. Kf2 h3 19. Nxf3 Qg2+ 20. Ke1 g5 21. Qd3 g4 22. Rg1 gxf3 23. Rxg2 hxg2 24. Kf2 Rh3 25. Rg1 f5 26. e5 Bxe5 27. Qxf5 Rxh2 28. Nb5 Nf6 29. Nc7+ Kf7 30. Nxa8 Rh1 31. Be3 Bh2 32. Kxf3 Bxg1 33. Kxg2 Rh5 34. Qe6+ Kg6 35. Kxg1 Re5 36. Qh3 1-0

[Event "DSAM Bad Wildungen 2024"]
[Site "Bad Wildungen"]
[Date "2024.08.03"]
[Round "5.7"]
[White "Bender, Wolfgang"]
[Black "Reinecke, Katharina"]
[Result "0-1"]
[Annotator "ChessBase"]
[ECO "A00"]
[WhiteElo "1923"]
[BlackElo "1949"]
[PlyCount "85"]
[EventDate "2024.07.31"]
[EventCountry "GER"]
[SourceTitle "playchess.com"]
[Source "ChessBase"]
[SourceQuality "1"]
[TimeControl "40/5400+30:900+30"]

1. b4 e5 2. a3 d5 3. Bb2 Bd6 4. e3 Nf6 5. c4 c6 6. Nf3 Nbd7 7. cxd5 Nxd5 8. Nc3 Nxc3 9. dxc3 Qe7 10. e4 O-O 11. Be2 f5 12. Nd2 Nf6 13. exf5 Bxf5 14. Nc4 Bc7 15. Ne3 Rad8 16. Qb3+ Be6 17. Bc4 Nd5 18. O-O Rf6 19. Rad1 Qf7 20. Bxd5 cxd5 21. c4 d4 22. Nd5 Bxd5 23. cxd5 Qxd5 24. Qxd5+ Rxd5 25. Rc1 Bb6 26. a4 a5 27. Rc8+ Kf7 28. Rb8 Rd7 29. bxa5 Bxa5 30. g3 Re6 31. Rd1 d3 32. Rc8 e4 33. Rc4 h6 34. Bd4 Rc6 35. Rxc6 bxc6 36. Be3 Bb4 37. f3 exf3 38. Kf2 c5 39. Kxf3 c4 40. Ke4 d2 41. Bd4 c3 42. Kd3 Rxd4+ 43. Kxd4 0-1

[Event "DSAM Bad Wildungen 2024"]
[Site "Bad Wildungen"]
[Date "2024.08.03"]
[Round "5.8"]
[White "Herter, Arne"]
[Black "Bartelt, Max Peter"]
[Result "0-1"]
[Annotator "ChessBase"]
[ECO "C54"]
[WhiteElo "2065"]
[BlackElo "2069"]
[PlyCount "99"]
[EventDate "2024.07.31"]
[EventCountry "GER"]
[SourceTitle "playchess.com"]
[Source "ChessBase"]
[SourceQuality "1"]
[TimeControl "40/5400+30:900+30"]

1. e4 e5 2. Nf3 Nc6 3. Bc4 Bc5 4. d3 h6 5. O-O Nf6 6. Nbd2 O-O 7. h3 d6 8. c3 a6 9. a4 Ba7 10. Re1 Re8 11. Nf1 Be6 12. Bxe6 Rxe6 13. Ng3 d5 14. Qc2 Qd7 15. b4 Ne7 16. Bb2 Re8 17. Rad1 Qc8 18. c4 d4 19. Kh2 c5 20. b5 a5 21. Bc1 b6 22. Nh4 Bb8 23. Nhf5 Nxf5 24. Nxf5 Kh7 25. g4 Ng8 26. Qd2 Bc7 27. h4 Bd8 28. Kh3 g5 29. hxg5 Bxg5 30. Qc2 Bxc1 31. Qxc1 Ne7 32. Kg3 Rg8 33. Kf3 Qf8 34. Rh1 Reg6 35. Nxh6 Rxh6 36. Rxh6+ Qxh6 37. Rh1 Rg6 38. Rxh6+ Rxh6 39. Qg5 f6 40. Qd2 Ng6 41. g5 Rh4 42. gxf6 Rf4+ 43. Kg3 Rxf6 44. Qg5 Rf4 45. Qd8 Rf7 46. Qxb6 Nf4 47. Qxa5 Nxd3 48. b6 Nxf2 49. Qa7 Nxe4+ 50. Kh2 0-1

[Event "DSAM Bad Wildungen 2024"]
[Site "Bad Wildungen"]
[Date "2024.08.03"]
[Round "5.9"]
[White "Kamp, Adrian"]
[Black "Musiienko, Tymur"]
[Result "1-0"]
[Annotator "ChessBase"]
[ECO "A11"]
[WhiteElo "2120"]
[BlackElo "2093"]
[PlyCount "83"]
[EventDate "2024.07.31"]
[EventCountry "GER"]
[SourceTitle "playchess.com"]
[Source "ChessBase"]
[SourceQuality "1"]
[TimeControl "40/5400+30:900+30"]

1. c4 c6 2. Nf3 d5 3. cxd5 cxd5 4. g3 Nc6 5. Bg2 e5 6. d3 Nf6 7. O-O h6 8. b3 Bd6 9. Bb2 O-O 10. Nbd2 Be6 11. e4 d4 12. Nc4 Bc7 13. a4 a6 14. Ba3 Re8 15. Ne1 b5 16. Nd2 Ba5 17. Rb1 Bc3 18. h3 Qa5 19. Nef3 Nd7 20. Bd6 f6 21. Qc2 Rac8 22. Rfc1 b4 23. Nc4 Bxc4 24. dxc4 Re6 25. c5 Nxc5 26. Bxc5 Qxc5 27. Ne1 Qd6 28. Nd3 Re7 29. Qe2 Rf8 30. Kh2 g6 31. Rf1 Kg7 32. f3 Nd8 33. f4 exf4 34. gxf4 Nf7 35. Kh1 f5 36. e5 Qc7 37. Rg1 Kh7 38. Rbf1 g5 39. Bd5 gxf4 40. Qh5 Nh8 41. Qxf5+ Rxf5 42. Bg8# 1-0

[Event "DSAM Bad Wildungen 2024"]
[Site "Bad Wildungen"]
[Date "2024.08.03"]
[Round "5.10"]
[White "Kull, Florian"]
[Black "Buchinger, Alexis"]
[Result "1-0"]
[Annotator "ChessBase"]
[ECO "A16"]
[WhiteElo "2113"]
[BlackElo "2116"]
[PlyCount "54"]
[EventDate "2024.07.31"]
[EventCountry "GER"]
[SourceTitle "playchess.com"]
[Source "ChessBase"]
[SourceQuality "1"]
[TimeControl "40/5400+30:900+30"]

1. Nf3 Nf6 2. g3 g6 3. Bg2 Bg7 4. O-O O-O 5. c4 c6 6. Nc3 d6 7. d3 Qa5 8. h3 e5 9. Bd2 Qc7 10. b4 a5 11. bxa5 Qxa5 12. Rb1 Nbd7 13. Nb5 Qd8 14. Nxd6 Rxa2 15. Nxc8 Qxc8 16. Qb3 Ra7 17. Bc3 Qc7 18. Qb2 Re8 19. Ra1 Rxa1 20. Rxa1 b6 21. Ra3 Bf8 22. Ra2 Bc5 23. e3 Bd6 24. Qa1 Nc5 25. d4 exd4 26. Bxd4 Nfe4 27. Ra8 Qe7 1-0

[Event "DSAM Bad Wildungen 2024"]
[Site "Bad Wildungen"]
[Date "2024.08.03"]
[Round "5.11"]
[White "Tueckmantel, Rene"]
[Black "Ermel, Dirk"]
[Result "1/2-1/2"]
[Annotator "ChessBase"]
[ECO "A29"]
[WhiteElo "2057"]
[BlackElo "2046"]
[PlyCount "44"]
[EventDate "2024.07.31"]
[EventCountry "GER"]
[SourceTitle "playchess.com"]
[Source "ChessBase"]
[SourceQuality "1"]
[TimeControl "40/5400+30:900+30"]

1. c4 e5 2. Nc3 Nf6 3. g3 d5 4. cxd5 Nxd5 5. Bg2 Be6 6. Nf3 Nc6 7. d3 Be7 8. O-O O-O 9. Bd2 Nb6 10. a3 f5 11. Na4 Nxa4 12. Qxa4 Nd4 13. Nxd4 Qxd4 14. Qc2 c6 15. Be3 Qd7 16. Bc5 Bd5 17. Bxd5+ cxd5 18. Bxe7 Qxe7 19. Rac1 Qd7 20. Qc7 Qxc7 21. Rxc7 Rf7 22. Rfc1 Re8 1/2-1/2

[Event "DSAM Bad Wildungen 2024"]
[Site "Bad Wildungen"]
[Date "2024.08.03"]
[Round "5.12"]
[White "Vladov, Arsenii"]
[Black "Belz, Frank-Martin"]
[Result "1-0"]
[Annotator "ChessBase"]
[ECO "A07"]
[WhiteElo "2063"]
[BlackElo "2015"]
[PlyCount "75"]
[EventDate "2024.07.31"]
[EventCountry "GER"]
[SourceTitle "playchess.com"]
[Source "ChessBase"]
[SourceQuality "1"]
[TimeControl "40/5400+30:900+30"]

1. Nf3 d5 2. g3 Nf6 3. Bg2 Bg4 4. h3 Bh5 5. O-O e6 6. d3 Be7 7. c4 O-O 8. Qb3 Qc8 9. Nc3 c6 10. Kh2 Nbd7 11. cxd5 exd5 12. e4 dxe4 13. dxe4 Nc5 14. Qc2 Rd8 15. Be3 Ne6 16. Rfd1 Qc7 17. Rxd8+ Rxd8 18. Rd1 Rxd1 19. Qxd1 Bc5 20. Bxc5 Nxc5 21. Qd4 b6 22. Qe5 Ne6 23. Qxc7 Nxc7 24. Ne5 c5 25. f4 Nfe8 26. Nc6 f6 27. Nxa7 Bf7 28. a3 Bc4 29. Na4 Na8 30. e5 Nec7 31. exf6 gxf6 32. Nc8 Bb3 33. Naxb6 Nxb6 34. Nxb6 Kf7 35. Bf1 Ke7 36. Bc4 Bxc4 37. Nxc4 Ke6 38. Ne3 1-0

[Event "DSAM Bad Wildungen 2024"]
[Site "Bad Wildungen"]
[Date "2024.08.03"]
[Round "5.13"]
[White "von Kiedrowski, Klemens"]
[Black "Menzel, Maximilian"]
[Result "0-1"]
[Annotator "ChessBase"]
[ECO "A03"]
[WhiteElo "2040"]
[BlackElo "2108"]
[PlyCount "108"]
[EventDate "2024.07.31"]
[EventCountry "GER"]
[SourceTitle "playchess.com"]
[Source "ChessBase"]
[SourceQuality "1"]
[TimeControl "40/5400+30:900+30"]

1. e3 Nf6 2. f4 d5 3. Nf3 g6 4. b3 Bg7 5. Bb2 c5 6. Bb5+ Bd7 7. Qe2 O-O 8. Bxd7 Qxd7 9. d3 Nc6 10. Nbd2 d4 11. e4 e5 12. Nxe5 Nxe5 13. fxe5 Ng4 14. Nf3 b5 15. a4 a6 16. Bc1 Nxe5 17. O-O Nc6 18. Bd2 Rae8 19. Qf2 f5 20. exf5 Rxf5 21. axb5 axb5 22. Rfe1 Ne5 23. Nxe5 Bxe5 24. Rxe5 Rfxe5 25. Qf4 Rf5 26. Qh4 Qe7 27. Qg3 Qe5 28. Qh4 Rh5 29. Qf4 Rf8 30. Qxe5 Rxe5 31. Bh6 Rfe8 32. Ra7 R8e7 33. Ra8+ Re8 34. Ra7 Re2 35. Rg7+ Kh8 36. Rc7 Rxc2 37. h3 c4 38. bxc4 bxc4 39. dxc4 d3 40. Rd7 Rxc4 41. Rxd3 Rce4 42. Bg5 Kg8 43. Rd7 Re2 44. Bf6 R8e6 45. Bg5 Ra2 46. Rd8+ Kf7 47. Rd7+ Kf8 48. Rd8+ Re8 49. Rxe8+ Kxe8 50. Kh2 Kf7 51. Kg3 Ke6 52. h4 Kf5 53. Kf3 Ra3+ 54. Kf2 Kg4 0-1

[Event "DSAM Bad Wildungen 2024"]
[Site "Bad Wildungen"]
[Date "2024.08.03"]
[Round "5.14"]
[White "Gaertner, Michael"]
[Black "Heck, Norbert"]
[Result "1-0"]
[Annotator "ChessBase"]
[ECO "A45"]
[WhiteElo "2037"]
[BlackElo "2099"]
[PlyCount "115"]
[EventDate "2024.07.31"]
[EventCountry "GER"]
[SourceTitle "playchess.com"]
[Source "ChessBase"]
[SourceQuality "1"]
[TimeControl "40/5400+30:900+30"]

1. d4 Nf6 2. Nc3 g6 3. Bf4 Bg7 4. e3 O-O 5. h4 d5 6. h5 c5 7. hxg6 fxg6 8. Qd2 Nc6 9. O-O-O Nh5 10. Rxh5 gxh5 11. dxc5 e5 12. Bg3 h4 13. Bh2 d4 14. Bc4+ Kh8 15. Ne4 Bf5 16. Nd6 Bg6 17. Nxb7 Qf6 18. Nf3 h3 19. Nd6 hxg2 20. Bd5 Bh5 21. Bxc6 Bxf3 22. Bxa8 Bxa8 23. Bg1 dxe3 24. fxe3 Bf3 25. Re1 e4 26. c3 Qe5 27. Qd4 Qg3 28. Qd2 Qg5 29. b4 Qe5 30. Kc2 Bg4 31. Rc1 a5 32. a3 Qe6 33. c4 axb4 34. axb4 Qf6 35. Kb3 Qe5 36. Qxg2 Bd1+ 37. Rxd1 Qc3+ 38. Ka4 Ra8+ 39. Kb5 Rb8+ 40. Kc6 Qxb4 41. Nf7+ Kg8 42. Rd8+ Rxd8 43. Nxd8 Qxc4 44. Qg4 Qa6+ 45. Kc7 Qa5+ 46. Kb8 Qxd8+ 47. Qc8 Be5+ 48. Kb7 Qxc8+ 49. Kxc8 Kf7 50. Kd7 Kg6 51. c6 Kf5 52. c7 Bxc7 53. Kxc7 Kg4 54. Bh2 Kf3 55. Bf4 h5 56. Kd6 h4 57. Ke5 h3 58. Kd4 1-0

[Event "DSAM Bad Wildungen 2024"]
[Site "Bad Wildungen"]
[Date "2024.08.03"]
[Round "5.15"]
[White "Pick, Max"]
[Black "Derr, Oleg"]
[Result "0-1"]
[Annotator "ChessBase"]
[ECO "D02"]
[WhiteElo "1906"]
[BlackElo "1947"]
[PlyCount "86"]
[EventDate "2024.07.31"]
[EventCountry "GER"]
[SourceTitle "playchess.com"]
[Source "ChessBase"]
[SourceQuality "1"]
[TimeControl "40/5400+30:900+30"]

1. d4 Nf6 2. Nf3 e6 3. Bf4 d5 4. e3 Bd6 5. Ne5 O-O 6. Bd3 c5 7. c3 Qc7 8. Nd2 Nc6 9. Ndf3 cxd4 10. exd4 Ng4 11. Bxh7+ Kxh7 12. Ng5+ Kg8 13. Qxg4 f6 14. Nxc6 Bxf4 15. Nxe6 Re8 16. Ncd8 Qe7 17. O-O Rxd8 18. Rae1 Re8 19. Qxf4 Bxe6 20. Re3 Qf7 21. Rfe1 Bd7 22. Qd6 Bc6 23. h3 Rad8 24. Qc5 a6 25. Re7 Rxe7 26. Qxe7 Re8 27. Qxf7+ Kxf7 28. Rxe8 Bxe8 29. f4 Ke6 30. Kf2 Bb5 31. g4 Bc4 32. b3 Bd3 33. h4 Bb1 34. a3 Bc2 35. f5+ Kd6 36. Ke3 Bxb3 37. Kd2 Ba4 38. Kc1 Be8 39. Kd2 Kc6 40. Ke3 Kb5 41. g5 Kc4 42. g6 Kxc3 43. h5 b5 0-1

[Event "DSAM Bad Wildungen 2024"]
[Site "Bad Wildungen"]
[Date "2024.08.03"]
[Round "5.16"]
[White "Lu, Yunong Elias"]
[Black "Dubinker, Philipp"]
[Result "1-0"]
[Annotator "ChessBase"]
[ECO "B11"]
[WhiteElo "1996"]
[BlackElo "1921"]
[PlyCount "41"]
[EventDate "2024.07.31"]
[EventCountry "GER"]
[SourceTitle "playchess.com"]
[Source "ChessBase"]
[SourceQuality "1"]
[TimeControl "40/5400+30:900+30"]

1. e4 c6 2. Nc3 d5 3. Qf3 d4 4. Bc4 e6 5. Nce2 c5 6. d3 Nc6 7. Qg3 Nge7 8. f4 Ng6 9. Nf3 Be7 10. h4 h5 11. Ng5 Bxg5 12. hxg5 b5 13. Bb3 Qb6 14. c3 dxc3 15. bxc3 a5 16. Be3 a4 17. Bc2 b4 18. Rb1 Qa5 19. Qf2 Rb8 20. Bxc5 b3 21. axb3 1-0

[Event "DSAM Bad Wildungen 2024"]
[Site "Bad Wildungen"]
[Date "2024.08.03"]
[Round "5.17"]
[White "Willand, Oliver"]
[Black "Muendoerfer, Sebastian"]
[Result "1/2-1/2"]
[Annotator "ChessBase"]
[ECO "B25"]
[WhiteElo "1868"]
[BlackElo "1988"]
[PlyCount "69"]
[EventDate "2024.07.31"]
[EventCountry "GER"]
[SourceTitle "playchess.com"]
[Source "ChessBase"]
[SourceQuality "1"]
[TimeControl "40/5400+30:900+30"]

1. e4 c5 2. Nc3 g6 3. g3 Bg7 4. Bg2 Nc6 5. d3 d6 6. f4 Be6 7. Nf3 Nh6 8. O-O O-O 9. h3 f5 10. Be3 Bd7 11. Qd2 b5 12. e5 b4 13. Ne2 Rc8 14. d4 cxd4 15. Nfxd4 Nxd4 16. Nxd4 dxe5 17. fxe5 f4 18. Bxf4 Nf5 19. Qxb4 Rb8 20. Qc4+ Kh8 21. Rad1 Qb6 22. Kh2 Qxb2 23. Qd5 Bb5 24. Bc1 Qc3 25. Rf3 Qc4 26. Nxb5 Qxb5 27. Rb3 Qe2 28. Bf4 Rxb3 29. cxb3 Ne3 30. Bxe3 Qxe3 31. Qd4 Qe2 32. Rd2 Qe1 33. Rd1 Qe2 34. Rd2 Qe1 35. Rd1 1/2-1/2

[Event "DSAM Bad Wildungen 2024"]
[Site "Bad Wildungen"]
[Date "2024.08.03"]
[Round "5.18"]
[White "Marcziter, Alex"]
[Black "Cramer, Philipp"]
[Result "0-1"]
[Annotator "ChessBase"]
[ECO "B22"]
[WhiteElo "2052"]
[BlackElo "1905"]
[PlyCount "76"]
[EventDate "2024.07.31"]
[EventCountry "GER"]
[SourceTitle "playchess.com"]
[Source "ChessBase"]
[SourceQuality "1"]
[TimeControl "40/5400+30:900+30"]

1. e4 c5 2. Nf3 e6 3. c3 Nf6 4. e5 Nd5 5. g3 Nc6 6. Bg2 d6 7. exd6 Bxd6 8. O-O O-O 9. d4 cxd4 10. Nxd4 Bc5 11. Nxc6 bxc6 12. c4 Nb4 13. Qa4 Qb6 14. Nd2 Ba6 15. a3 Nd3 16. Ne4 Bd4 17. Qc2 Rad8 18. Kh1 Nxc1 19. Raxc1 Qxb2 20. Qa4 Qb7 21. Rfd1 Kh8 22. Rb1 Qc8 23. c5 Bb5 24. Qxa7 Rd7 25. Qa5 Qa6 26. Qb4 e5 27. Nd6 Be2 28. Rd2 Bd3 29. Rbd1 Bg6 30. Bf1 Qa7 31. Rc1 Rb8 32. Qc4 Qxa3 33. Ra2 Qf3+ 34. Bg2 Qf6 35. Bxc6 Rc7 36. Qb5 Qd8 37. Nb7 Qc8 38. Ra7 Rxc6 0-1

[Event "DSAM Bad Wildungen 2024"]
[Site "Bad Wildungen"]
[Date "2024.08.03"]
[Round "5.19"]
[White "Andresen, Marc"]
[Black "Schmidt-Schaeffer, Sebastian"]
[Result "0-1"]
[Annotator "ChessBase"]
[ECO "B94"]
[WhiteElo "1844"]
[BlackElo "2344"]
[PlyCount "56"]
[EventDate "2024.07.31"]
[EventCountry "GER"]
[SourceTitle "playchess.com"]
[Source "ChessBase"]
[SourceQuality "1"]
[TimeControl "40/5400+30:900+30"]

1. e4 c5 2. Nf3 d6 3. d4 cxd4 4. Nxd4 Nf6 5. Nc3 a6 6. Bg5 Nbd7 7. Bc4 g6 8. f3 Bg7 9. Qd2 h6 10. Be3 Ne5 11. Bb3 Nc6 12. O-O-O Nxd4 13. Bxd4 O-O 14. Bxf6 exf6 15. Qxd6 Qa5 16. Nd5 Be6 17. Ne7+ Kh7 18. Bxe6 fxe6 19. Qxe6 Rae8 20. Kb1 Qg5 21. Qd7 f5 22. Nd5 fxe4 23. fxe4 Rxe4 24. Qh3 Re2 25. Qd3 Rff2 26. g3 Rd2 27. Rxd2 Rxd2 28. h4 Qxd5 0-1

[Event "DSAM Bad Wildungen 2024"]
[Site "Bad Wildungen"]
[Date "2024.08.03"]
[Round "5.20"]
[White "Petzold, Johannes Julius"]
[Black "Kettner-Nikolaus, Frank"]
[Result "0-1"]
[Annotator "ChessBase"]
[ECO "C06"]
[WhiteElo "1983"]
[BlackElo "1940"]
[PlyCount "60"]
[EventDate "2024.07.31"]
[EventCountry "GER"]
[SourceTitle "playchess.com"]
[Source "ChessBase"]
[SourceQuality "1"]
[TimeControl "40/5400+30:900+30"]

1. e4 e6 2. d4 d5 3. Nd2 Nf6 4. e5 Nfd7 5. Bd3 c5 6. c3 Nc6 7. Ne2 Qb6 8. Nf3 cxd4 9. cxd4 f6 10. exf6 Nxf6 11. O-O Bd6 12. Nc3 O-O 13. Be3 Bd7 14. Rc1 a6 15. Qe2 Qc7 16. h3 Rae8 17. Rfd1 Re7 18. Bb1 Be8 19. Bg5 Bh5 20. Qd3 h6 21. Bxf6 Rxf6 22. Qh7+ Kf7 23. Ng5+ Ke8 24. Re1 Bh2+ 25. Kh1 Qf4 26. Qg8+ Rf8 27. Nxe6 Rxg8 28. Nxf4 Bxf4 29. Nxd5 Bxc1 30. Nxe7 Bd2 0-1

[Event "DSAM Bad Wildungen 2024"]
[Site "Bad Wildungen"]
[Date "2024.08.03"]
[Round "5.21"]
[White "Rose, Luis Stratos"]
[Black "Steinbrenner, Peter"]
[Result "1/2-1/2"]
[Annotator "ChessBase"]
[ECO "D05"]
[WhiteElo "1868"]
[BlackElo "1951"]
[PlyCount "62"]
[EventDate "2024.07.31"]
[EventCountry "GER"]
[SourceTitle "playchess.com"]
[Source "ChessBase"]
[SourceQuality "1"]
[TimeControl "40/5400+30:900+30"]

1. d4 Nf6 2. Nf3 d5 3. e3 c5 4. b3 e6 5. Bb2 Bd6 6. Bd3 Nbd7 7. O-O Qc7 8. Nbd2 O-O 9. h3 b6 10. Rc1 e5 11. dxe5 Nxe5 12. Nxe5 Bxe5 13. Bxe5 Qxe5 14. Nf3 Qh5 15. Nd2 Qxd1 16. Rfxd1 Bb7 17. c3 Rad8 18. Be2 Rfe8 19. Bf3 h6 20. Rc2 Ba6 21. Nf1 Ne4 22. Bxe4 dxe4 23. Rcd2 Rd3 24. c4 b5 25. Rxd3 exd3 26. Nd2 Kf8 27. cxb5 Bxb5 28. Nc4 Bxc4 29. bxc4 Re4 30. Rxd3 Rxc4 31. Ra3 Rc1+ 1/2-1/2

[Event "DSAM Bad Wildungen 2024"]
[Site "Bad Wildungen"]
[Date "2024.08.03"]
[Round "5.22"]
[White "Voicu-Jagodzinsky, Carmen"]
[Black "Eichstaedt, Mirko"]
[Result "1-0"]
[Annotator "ChessBase"]
[ECO "B13"]
[WhiteElo "2227"]
[BlackElo "2235"]
[PlyCount "75"]
[EventDate "2024.07.31"]
[EventCountry "GER"]
[SourceTitle "playchess.com"]
[Source "ChessBase"]
[SourceQuality "1"]
[TimeControl "40/5400+30:900+30"]

1. d4 Nf6 2. Nc3 d5 3. Bf4 c5 4. e3 cxd4 5. exd4 a6 6. Nf3 Nc6 7. Ne5 Bd7 8. Be2 e6 9. O-O Qb6 10. Nxc6 Bxc6 11. Rb1 Bb4 12. Be5 Qa5 13. Bd3 O-O-O 14. Ne2 Bb5 15. c3 Bd6 16. b4 Qb6 17. a4 Bxd3 18. Qxd3 Bxe5 19. dxe5 Nd7 20. Qg3 Rhg8 21. Nd4 Qc7 22. Rfe1 b6 23. b5 a5 24. Nc6 Rde8 25. c4 f6 26. cxd5 exd5 27. Rbc1 Nc5 28. exf6 Qxg3 29. hxg3 Kd7 30. Ne5+ Rxe5 31. Rxe5 Kd6 32. Rg5 g6 33. Rd1 Ke6 34. Rgxd5 Kxf6 35. Rd6+ Ke5 36. R1d5+ Ke4 37. f3+ Ke3 38. Re5+ 1-0

[Event "DSAM Bad Wildungen 2024"]
[Site "Bad Wildungen"]
[Date "2024.08.03"]
[Round "5.23"]
[White "Boldt, Timo"]
[Black "Roenker, Sebastian"]
[Result "1-0"]
[Annotator "NA"]
[ECO "A20"]
[WhiteElo "1801"]
[BlackElo "1851"]
[PlyCount "97"]
[EventDate "2024.07.31"]
[EventCountry "GER"]
[SourceTitle "playchess.com"]
[Source "ChessBase"]
[SourceQuality "1"]
[TimeControl "40/5400+30:900+30"]

1. c4 Nf6 2. g3 e5 3. Bg2 Bc5 4. e3 d5 5. cxd5 Nxd5 6. Nc3 Nxc3 7. bxc3 O-O 8. d4 exd4 9. cxd4 Bb4+ 10. Bd2 Be7 11. Ne2 c6 12. O-O Bg4 13. Re1 Na6 14. Qa4 Qc8 15. Nc3 b5 16. Qb3 Rb8 17. Rec1 c5 18. dxc5 Nxc5 19. Qc2 Qd7 20. Nd5 Bd6 21. Bb4 Bf5 22. e4 Bxe4 23. Bxe4 Nxe4 24. Qxe4 Bxb4 25. Nxb4 Rfe8 26. Qd5 Qxd5 27. Nxd5 Rbd8 28. Nc7 Re5 29. Rab1 Re2 30. a3 Rdd2 31. Nxb5 g6 32. Rf1 a6 33. Nc3 Re5 34. Rfe1 Ra5 35. a4 Rc2 36. Rec1 Rd2 37. Rb6 Rf5 38. Rf1 Rc2 39. Ne4 a5 40. Rb5 Ra2 41. Rxf5 gxf5 42. Nc5 Re2 43. Rb1 Kg7 44. Rb5 Kg6 45. Rxa5 Kg5 46. Kg2 h5 47. h4+ Kg4 48. Nd7 Re6 49. f3# 1-0

[Event "DSAM Bad Wildungen 2024"]
[Site "Bad Wildungen"]
[Date "2024.08.03"]
[Round "5.24"]
[White "Frisch, Thomas"]
[Black "Dorendorf, Mika"]
[Result "1/2-1/2"]
[Annotator "ChessBase"]
[ECO "D02"]
[WhiteElo "1792"]
[BlackElo "1959"]
[PlyCount "44"]
[EventDate "2024.07.31"]
[EventCountry "GER"]
[SourceTitle "playchess.com"]
[Source "ChessBase"]
[SourceQuality "1"]
[TimeControl "40/5400+30:900+30"]

1. d4 d5 2. Nf3 Nf6 3. Bf4 c5 4. e3 Nc6 5. Nbd2 Bf5 6. dxc5 e6 7. Bd3 Bg4 8. h3 Bh5 9. c3 e5 10. g4 Nxg4 11. hxg4 Bxg4 12. Qa4 Bd7 13. Bg5 f6 14. Bg6+ Ke7 15. Qb3 fxg5 16. Qxd5 Be8 17. Qxd8+ Nxd8 18. Nxe5 Kf6 19. Bxe8 Kxe5 20. Ba4 Bxc5 21. Bc2 h5 22. O-O-O h4 1/2-1/2